 Dungeon Crawl Stone Soup version 0.29.1-1-gd02db6906a (webtiles) character file.

Game seed: 4344842512209375481

63 EvilAshe the Covered (level 4, -1/35 HPs)
             Began as a Human Fighter on Sept 18, 2022.
             Slain by Terence
             ... wielding a +0 flail
              (9 damage)
             ... on level 3 of the Dungeon.
             The game lasted 00:04:16 (1838 turns).

EvilAshe the Covered (Human Fighter)                Turns: 1838, Time: 00:04:16

Health: -1/35      AC:  6    Str: 19    XL:     4   Next: 30%
Magic:  4/4        EV:  6    Int:  8    God:
Gold:   150        SH:  9    Dex: 12    Spells: 3/3 levels left

rFire   . . .      SeeInvis .   a - +0 long sword
rCold   . . .      Faith    .   c - +0 buckler
rNeg    . . .      Spirit   .   b - +0 scale mail
rPois   .          Reflect  +   (no helmet)
rElec   .          Harm     .   s - scarf {+Inv}
rCorr   .          Rampage  .   (no gloves)
Will    .....                   (no boots)
Stlth   ..........              h - amulet of reflection
HPRegen 0.11/turn               (no ring)
MPRegen 0.09/turn               (no ring)

@: constricted
A: no striking features
a: Evoke Invisibility


You were on level 3 of the Dungeon.
You visited 1 branch of the dungeon, and saw 4 of its levels.

You collected 150 gold pieces.

Inventory:

Hand Weapons
 a - a +0 long sword (weapon)
Missiles
 j - 27 stones
 m - 4 javelins
 r - 2 curare-tipped darts (quivered)
Armour
 b - a +0 scale mail (worn)
 c - a +0 buckler (worn)
 s - a scarf of invisibility (worn)
Jewellery
 h - an amulet of reflection (around neck)
Scrolls
 e - a scroll of amnesia {unknown}
 g - a scroll of fog {unknown}
 i - a scroll of brand weapon {unknown}
 k - 2 scrolls of teleportation {unknown}
 l - 3 scrolls of blinking {unknown}
 n - 4 scrolls of identify {unknown}
 q - a scroll of vulnerability {unknown}
 t - 3 scrolls of enchant weapon {unknown}
Potions
 d - a potion of might
 f - a potion of haste {unknown}
 o - a potion of attraction {unknown}
 p - a potion of curing {unknown}


   Skills:
 - Level 3.0 Fighting
 * Level 3.6 Long Blades
 + Level 3.6 Armour
 - Level 3.0 Shields


You had 3 spell levels left.
You didn't know any spells.
Your spell library contained the following spells:

 Spells                   Type           Power      Damage    Failure   Level
 Magic Dart               Conj           0%         1d3       86%         1
 Searing Ray              Conj           0%         2d4       95%         2
 Fulminant Prism          Conj/Hex       0%         3d6       100%        4


Dungeon Overview and Level Annotations

Branches:
Dungeon (4/15)
 Temple: D:4-7

Altars:
Ashenzari

Annotations:
D:2 Sigmund
D:3 Terence


Message History

The grasping roots release their grip on you.
You hit Terence.
Terence is heavily wounded.
You block Terence's attack. Terence closely misses you.
You hit Terence.
Terence is severely wounded.
You block Terence's attack.
You hit Terence.
Terence is severely wounded.
Terence zaps a wand.
The roots erupt in riotous growth!
The grasping roots grab you!
Terence is unaffected.
The grasping roots constrict you.
You hit Terence.
Terence is almost dead.
You block Terence's attack. The grasping roots constrict you.
You barely miss Terence.
Terence is almost dead.
Terence hits you with a +0 flail. The grasping roots constrict you.
The grasping roots release their grip on you.
You hit Terence but do no damage.
Terence is almost dead.
You block Terence's attack. You block the ball python's attack.
The ball python grabs you. The ball python constricts you.
Terence hits you with a +0 flail.
You hit Terence but do no damage.
Terence is almost dead.
You block the ball python's attack. The ball python constricts you.
Terence shouts, "Now you die!" Terence hits you with a +0 flail.
* * * LOW HITPOINT WARNING * * *
You closely miss Terence.
Terence is almost dead.
The ball python barely misses you. The ball python constricts you.
A hobgoblin comes into view.
You block Terence's attack. The ball python barely misses you.
The ball python constricts you.
You hit Terence but do no damage.
Terence is almost dead.
Terence hits you with a +0 flail!
You die...

########### ### ####
#.........#### #.. ..#
#.#####....... #.# #.# #.#
#<#.#### #.#
####.#####.#####~.~~.
###.###....@@S............~~.
#.....>..#.###.....###~.~~≈~~
#.#..........##...## #..≈≈≈≈≈
#####.#..#####.#.###.##
#..≈≈≈≈~ ^.<##.#..# #.#.#
#.g. ...~≈≈~. .#.##.#..# #.#
# #.### .#.##.#..# #.# #+#
.#.##.#..# ..# ....#....#


You could see Terence, a hobgoblin and a ball python.

Vanquished Creatures
  2 adders
  A worm (D:2)
  3 dart slugs
  2 ball pythons (D:1)
  4 endoplasms
  4 goblins
  4 hobgoblins
  2 jackals (D:2)
  2 quokkas
  4 bats
  A frilled lizard (D:1)
  A kobold (D:1)
  4 rats
34 creatures vanquished.

Notes
Turn   | Place    | Note
-------+----------+-------------------------------------------
     0 | D:1      | EvilAshe the Human Fighter began the quest for the Orb.
     0 | D:1      | Reached XP level 1. HP: 18/18 MP: 1/1
   273 | D:1      | Reached XP level 2. HP: 18/24 MP: 2/2
   346 | D:2      | Noticed Sigmund
   558 | D:1      | Reached XP level 3. HP: 28/29 MP: 3/3
  1287 | D:2      | Found a broken altar of Ashenzari.
  1301 | D:3      | Reached XP level 4. HP: 35/35 MP: 4/4
  1669 | D:3      | Noticed Terence
  1838 | D:3      | Slain by Terence

Illustrated notes

Levels and vault maps discovered:
D:1:      onia_arrival_pentagram, layout_basic, serial_rivers,
          chequers_serial_rivers_large_a, chequers_serial_rivers_micro_c,
          chequers_serial_rivers_micro_c, chequers_serial_rivers_room_b
D:2:      layout_rooms, basic_altar, uniq_sigmund
D:3:      layout_loops_corners, chequers_ecumenical_altar_island,
          roderic_lattice_a, minmay_between, uniq_natasha,
          uniq_crazy_yiuf_cottage, uniq_terence
D:4:      layout_loops_ring, serial_shops, shop

Skill      XL: |  1  2  3 |
---------------+----------+-----
Long Blades    | 3 |  3.6
Fighting       | |  3.0
Armour         | |  3.6
Shields        | |  3.0

Action                   |  1- 3 |  4- 6 || total
-------------------------+-------+-------++-------
Melee: Long sword        |    81 |    27 ||   108
Armor: Scale mail        |    36 |     4 ||    40
Dodge: Dodged            |    39 |     5 ||    44
Block: Buckler           |    42 |    16 ||    58
       Reflection        |       |     1 ||     1
